 Dungeon Crawl Stone Soup version 0.28.0-53-g5a82cb258f (webtiles) character file.

Game seed: 2294509115764581150

5366 Ashen the Ogre Mage (level 10, -7/81 HPs)
             Began as an Ogre Ice Elementalist on July 1, 2022.
             Was a Follower of Vehumet.
             Mangled by an ogre
             ... wielding a +0 giant club
              (29 damage)
             ... on level 7 of the Dungeon.
             The game lasted 00:21:12 (10511 turns).

Ashen the Ogre Mage (Ogre Ice Elementalist)        Turns: 10511, Time: 00:21:12

Health: -7/81      AC:  3    Str: 14    XL:     10   Next: 65%
Magic:  22/22      EV: 12    Int: 26    God:    Vehumet [*.....]
Gold:   1284       SH:  0    Dex: 11    Spells: 10/26 levels left

rFire   . . .      SeeInvis .   q - +1 flail of Causality {spect, rPois rN+ Will- Dex+2}
rCold   + . .      Faith    .   (no shield)
rNeg    + . .      Spirit   .   a - +0 robe
rPois   +          Reflect  .   (helmet restricted)
rElec   .          Harm     .   (no cloak)
rCorr   .          Rampage  .   (gloves unavailable)
Will    .....                   (boots unavailable)
Stlth   +++.......              u - amulet of the acrobat
HPRegen 0.23/turn               d - +6 ring of intelligence
MPRegen 0.18/turn               f - ring of protection from cold

@: no status effects
A: large, unfitting armour, tough skin 1
a: Renounce Religion


You were on level 7 of the Dungeon.
You worshipped Vehumet.
Vehumet was aware of your devotion.
You visited 1 branch of the dungeon, and saw 7 of its levels.
You also visited: Bailey.

You collected 1284 gold pieces.

Inventory:

Hand Weapons
 b - a +3 whip
 l - a +0 dagger of venom
 o - a +0 giant spiked club
 q - the +1 flail of Causality (weapon) {spect, rPois rN+ Will- Dex+2}
   (You found it on level 3 of the Dungeon)

   When its wielder attacks, the weapon's spirit leaps out and strikes again.
   The spirit shares a part of any damage it takes with its wielder.
   Dex:       It affects your dexterity (+2).
   rPois:     It protects you from poison.
   rN:        It protects you from negative energy.
   Will:      It decreases your willpower.
Missiles
 A - 7 poisoned darts
 B - 5 throwing nets
Armour
 a - a +0 robe (worn)
 t - a scarf of harm
Jewellery
 d - a +6 ring of intelligence (left hand)
 f - a ring of protection from cold (right hand)
 u - an amulet of the acrobat (around neck)
Wands
 v - a wand of mindburst (17)
 G - a wand of flame (10)
Scrolls
 c - 3 scrolls of fog
 e - 4 scrolls of teleportation
 j - 3 scrolls of enchant weapon {unknown}
 m - a scroll of fear {unknown}
 p - a scroll of holy word {unknown}
 s - a scroll of amnesia {unknown}
 y - a scroll of magic mapping
 z - a scroll of enchant armour {unknown}
 F - a scroll of immolation {unknown}
Potions
 g - 3 potions of might
 h - a potion of magic
 i - 3 potions of haste
 k - 2 potions of curing
 n - a potion of degeneration
 r - a potion of brilliance
 w - 2 potions of cancellation
 x - 2 potions of attraction
 C - a potion of experience
 D - a potion of heal wounds {unknown}
 E - a potion of invisibility


   Skills:
 + Level 7.1 Dodging
 + Level 6.4 Stealth
 + Level 8.6 Spellcasting
 + Level 2.2 Conjurations
 + Level 7.8 Ice Magic
 + Level 2.1 Air Magic


You had 10 spell levels left.
You knew the following spells:

 Your Spells              Type           Power      Damage    Failure   Level
a - Freeze                Ice            100%       1d11      1%          1
b - Frozen Ramparts       Ice            100%       1d12      1%          3
c - Ozocubu's Armour      Ice            51%        N/A       1%          3
d - Hailstorm             Conj/Ice       37%        3d9       7%          4
e - Freezing Cloud        Conj/Ice/Air   16%        6-21      26%         5

Your spell library contained the following spells:

 Spells                   Type           Power      Damage    Failure   Level
 Foxfire                  Conj/Fire      68%        2x1d7     3%          1
 Ensorcelled Hibernation  Hex/Ice        62%        N/A       1%          2
 Animate Skeleton         Necr           22%        N/A       5%          1
 Apportation              Tloc           22%        N/A       5%          1
 Beastly Appendage        Tmut           22%        N/A       5%          1
 Slow                     Hex            44%        N/A       5%          1
 Summon Small Mammal      Summ           44%        N/A       5%          1
 Wereblood                Tmut           11%        N/A       9%          2
 Call Canine Familiar     Summ           11%        N/A       16%         3
 Confusing Touch          Hex            11%        N/A       16%         3
 Spider Form              Tmut/Pois      11%        N/A       16%         3
 Summon Guardian Golem    Hex/Summ       11%        N/A       16%         3
 Vampiric Draining        Necr           11%        2d6       16%         3
 Anguish                  Hex/Necr       5%         N/A       47%         4
 Leda's Liquefaction      Hex/Erth       5%         N/A       47%         4
 Lee's Rapid Deconstruct  Erth           5%         3d7*      83%         5
 Summon Forest            Summ/Tloc      5%         N/A       83%         5
 Simulacrum               Ice/Necr       15%        N/A       85%         6
 Statue Form              Tmut/Erth      7%         N/A       100%        6
 Dragon's Call            Summ           5%         N/A       100%        9
 Polar Vortex             Ice            25%        N/A       100%        9


Dungeon Overview and Level Annotations

Branches:
Dungeon (7/15)             Temple (0/1) D:7          Bailey (visited)

Altars:
Ashenzari
Vehumet

Shops:
D:2 :

Annotations:
D:4 2 transporters, funkygono's ghost, amateur MiFi


Innate Abilities, Weirdness & Mutations

You are too large for most types of armour.
You have tough skin. (AC +1)


Message History

Vehumet accepts your kill.
Your icy armour cracks and falls away as you move.
The frozen ramparts melt away as you move.
Things that are here:
a +0 halberd; a +0 chain mail
There is an open door here.
Partly explored, can't reach some places.
Partly explored, can't reach some places.
There is an open door here.
Things that are here:
a +0 halberd; a +0 chain mail You see here a +0 giant club.
You see here a +0 robe.
You sock the plant!
The plant begins to die.
The plant is lightly damaged.
Your +1 flail of Causality {spect, rPois rN+ Will- Dex+2} hits the plant.
You sock the plant!
The plant is lightly damaged.
Your +1 flail of Causality {spect, rPois rN+ Will- Dex+2} hits the plant!!
You hit the plant.
The plant is moderately damaged.
Your +1 flail of Causality {spect, rPois rN+ Will- Dex+2} hits the plant.
A nearby plant withers and dies.
You swap places.
You open the door.
An ogre comes into view. It is wielding a +0 giant club.
Found a scroll labelled KACHOS QUZA.
There is an open door here.
The helpless ogre fails to defend itself.
You sock the ogre!
The ogre is heavily wounded.
The ogre hits you with a +0 giant club!!
You sock the ogre!
The ogre is severely wounded.
The ogre hits you with a +0 giant club!!
* * * LOW HITPOINT WARNING * * *
You hit the ogre.
The ogre is severely wounded.
The ogre hits you with a +0 giant club!!
You die...

≈≈..#.)#....♣#..## ###.######
≈≈≈.####.....##..#### #.........
≈≈≈..........♣#...#.## #.........
≈≈≈.........♣.##.....# #.........
≈≈≈....##'#...♣####.####.........
≈≈≈....#..#....P♣♣#..##...<.#####
≈≈.≈≈≈.#.)#....♣P♣#..#......#
≈≈≈≈≈≈.####.....♣♣##...#....#
≈≈≈≈≈≈.......P.♣@#*##.##....#
≈≈≈≈≈≈≈.....♣♣♣♣#O?.####....#
############# *...# #....#####
*...# #......... *#### ###.......
#(...... #....... ########


You could see an ogre.

Vanquished Creatures
  2 orc knights (Bailey)
  Prince Ribbit (D:7)
  A wyvern (D:7)
  7 orc warriors
  2 sky beasts
  A black bear (D:6)
  10 ogres
  2 necrophages
  2 centaurs (D:7)
  A phantom (D:6)
  3 kobold brigands
  3 bullfrogs (D:7)
  A gnoll sergeant (D:7)
  6 scorpions
  A howler monkey (D:6)
  3 jellies
  3 hounds
  2 bullfrog skeletons
  4 gnoll shamans (D:7)
  Jessica (D:2)
  A scorpion zombie (D:5)
  8 orc wizards
  5 iguanas
  A killer bee zombie (D:5)
  A hound skeleton (D:5)
  2 howler monkey skeletons (D:6)
  13 gnolls
  10 adders
  2 white imps
  An ufetubus (D:6)
  A worm (D:5)
  2 dart slugs (D:1)
  29 orcs
  2 endoplasms (D:3)
  3 giant cockroaches (D:2)
  9 goblins
  7 hobgoblins
  7 jackals (D:1)
  34 kobolds
  2 quokkas
  5 ball pythons
  5 bats
  3 frilled lizards
  5 rats
214 creatures vanquished.

Vanquished Creatures (others)
  5 fungi (D:7)
  4 plants (D:7)
9 creatures vanquished.

Grand Total: 223 creatures vanquished

Notes
Turn   | Place    | Note
-------+----------+-------------------------------------------
     0 | D:1      | Ashen the Ogre Ice Elementalist began the quest for the
                  | Orb.
     0 | D:1      | Reached XP level 1. HP: 16/16 MP: 3/3
    91 | D:1      | Reached XP level 2. HP: 17/24 MP: 5/5
   466 | D:1      | Reached XP level 3. HP: 21/31 MP: 7/7
   960 | D:2      | Reached skill level 3 in Spellcasting
   966 | D:2      | Noticed Jessica
   987 | D:2      | Killed Jessica
   988 | D:2      | Reached XP level 4. HP: 19/39 MP: 5/8
  1600 | D:2      | Found Siavale's Book Shop.
  1844 | D:3      | Learned a level 3 spell: Frozen Ramparts
  1848 | D:3      | Learned a level 3 spell: Ozocubu's Armour
  1975 | D:3      | Noticed an ogre
  1981 | D:3      | Killed an ogre
  1982 | D:3      | Reached XP level 5. HP: 31/45 MP: 0/10
  2244 | D:3      | Found a faded altar of an unknown god.
  2326 | D:3      | Found a broken altar of Ashenzari.
  2531 | D:3      | Noticed an ogre
  2537 | D:3      | Killed an ogre
  2538 | D:3      | Reached skill level 4 in Spellcasting
  2538 | D:3      | Reached XP level 6. HP: 21/53 MP: 3/12
  2875 | D:3      | Identified the +1 flail of Causality {spect, rPois rN+
                  | Will- Dex+2}
  2976 | D:4      | Got Dispater's Grimoire of Illusion
  3170 | D:4      | Noticed funkygono's ghost (amateur MiFi)
  3258 | D:4      | Noticed a necrophage
  3284 | D:4      | Killed a necrophage
  3285 | D:4      | Reached XP level 7. HP: 37/59 MP: 13/13
  3528 | D:4      | Reached skill level 5 in Ice Magic
  3747 | D:4      | Reached skill level 5 in Spellcasting
  3913 | D:4      | Found a transporter.
  3913 | D:4      | Found a transporter.
  4497 | D:5      | Entered Level 5 of the Dungeon
  4579 | D:4      | Reached XP level 8. HP: 15/67 MP: 8/16
  5893 | D:6      | Reached skill level 6 in Spellcasting
  6039 | D:6      | Reached skill level 5 in Dodging
  6518 | D:6      | Reached XP level 9. HP: 74/74 MP: 18/18
  6831 | D:6      | Reached skill level 5 in Stealth
  7187 | D:6      | Reached skill level 7 in Spellcasting
  7966 | D:7      | Found a flagged portal.
  8028 | Bailey   | Entered a bailey
  8131 | Bailey   | Noticed an orc warlord
  8161 | Bailey   | Noticed an orc knight
  8180 | Bailey   | Killed an orc knight
  8195 | Bailey   | Reached XP level 10. HP: 20/81 MP: 16/21
  8267 | Bailey   | Found a runed translucent gate.
  8385 | Bailey   | Reached skill level 8 in Spellcasting
  8400 | Bailey   | Learned a level 4 spell: Hailstorm
  8406 | Bailey   | Learned a level 5 spell: Freezing Cloud
  8608 | Bailey   | Found a runed translucent gate.
  8608 | Bailey   | Found a runed translucent gate.
  8613 | Bailey   | Noticed an orc knight
  8622 | Bailey   | Killed an orc knight
  8929 | D:7      | Noticed Prince Ribbit
  8934 | D:7      | Found a radiant altar of Vehumet.
  8943 | D:7      | Became a worshipper of Vehumet
  8955 | D:7      | Killed Prince Ribbit
  8956 | D:7      | Reached skill level 1 in Conjurations
  8956 | D:7      | Reached skill level 1 in Air Magic
  9330 | D:7      | Found a staircase to the Ecumenical Temple.
  9777 | D:7      | Reached * piety under Vehumet
  9777 | D:7      | Offered knowledge of Foxfire by Vehumet.
 10019 | D:7      | Acquired 790 gold pieces
 10511 | D:7      | Mangled by an ogre

Illustrated notes

Levels and vault maps discovered:
D:1:      psy_arrival_whirlpool, layout_rooms
D:2:      layout_basic, serial_shops, nicolae_shop_crystal, uniq_jessica
D:3:      layout_basic, nicolae_overflow_crystal_walls,
          shapermc_ecumenical_altar_petra, minmay_cupped
D:4:      layout_loops_ring, gammafunk_ghost_arena
D:5:      layout_rooms
D:6:      minmay_razor_zed, layout_basic
D:7:      kennysheep_seaside_town, layout_basic, vehumet_altar_wand_db,
          minmay_temple_entry_trees, enter_bailey_8, corexii_checkpoint_b,
          minivault_22, uniq_prince_ribbit1

Skill      XL: |  1  2  3  4  5  6  7  8  9 10 |
---------------+-------------------------------+-----
Dodging        | 2 3 4 5 6 7 |  7.1
Spellcasting   | 3 4 5 6 7 8 |  8.6
Stealth        | 2 3 4 5 6 |  6.4
Ice Magic      | 4 5 6 7 |  7.8
Conjurations   | 2 |  2.2
Air Magic      | 2 |  2.1

Action                   |  1- 3 |  4- 6 |  7- 9 | 10-12 || total
-------------------------+-------+-------+-------+-------++-------
Melee: Whip              |    51 |    91 |    39 |       ||   181
       Unarmed           |     3 |       |       |       ||     3
       Punch             |       |     1 |     3 |       ||     4
       Flail             |       |       |   174 |    77 ||   251
 Cast: Freeze            |    22 |    29 |    21 |     6 ||    78
       Ozocubu's Armour  |       |     4 |    26 |    11 ||    41
       Frozen Ramparts   |       |     4 |    24 |    11 ||    39
Evoke: Wand              |       |       |     8 |    10 ||    18
  Use: Scroll            |       |     5 |     7 |     2 ||    14
       Potion            |       |       |       |     1 ||     1
 Stab: Sleeping          |     1 |     4 |    10 |     8 ||    23
       Distracted        |       |       |     1 |       ||     1
Armor: Robe              |    21 |    41 |    90 |    12 ||   164
Dodge: Dodged            |    48 |    69 |   186 |    69 ||   372
